Map: Hard Lead LE

Players

SubN

  • Race: Zerg Zerg
  • League: Diamond
  • Spawn Location: 11:00

ZipLock - Winner!

  • Race: Protoss Protoss
  • League: Diamond
  • Spawn Location: 5:00

VOD

Have the link to the VOD?

Description

Time

  • Played on: Nov. 18, 2023, 5:33 p.m.
  • Length: 8:42
Show
View Real Time Build Order
Export as new Build Order

SubN Zerg 

Build Orders: Hatch First, Roach Hydra 

Get SALT Encoding   

  12  0:00  Drone  
  13  0:12  Overlord  
  13  0:19  Drone  
  14  0:30  Drone x2  
  16  0:52  Drone, Hatchery  
  16  0:56  Drone  
  17  0:59  Drone  
  18  1:04  Extractor  
  17  1:18  Spawning Pool  
  16  1:25  Drone x2  
  18  1:31  Drone  
  19  1:39  Drone  
  20  1:53  Overlord  
  20  2:05  Queen  
  20  2:06  Metabolic Boost  
  20  2:08  Queen  
  26  2:15  Drone x2  
  26  2:30  Drone x4  
  30  2:53  Hatchery  
  30  2:54  Queen  
  31  3:02  Lair  
  31  3:05  Drone  
  32  3:06  Drone  
  32  3:09  Drone  
  34  3:20  Overlord  
  34  3:26  Overlord  
  34  3:30  Drone x2  
  36  3:38  Overlord  
  36  3:40  Zergling x4  
  38  3:41  Drone x2  
  40  3:53  Evolution Chamber  
  40  3:54  Evolution Chamber  
  38  3:57  Drone  
  38  3:59  Baneling Nest, Drone x2  
  38  4:00  Drone x4  
  44  4:15  Drone x5  
  49  4:18  Extractor  
  49  4:20  Extractor  
  49  4:22  Extractor  
  49  4:23  Zergling x2  
  47  4:25  Queen  
  47  4:28  Drone x3  
  47  4:29  Drone  
  53  4:35  Zerg Missile Weapons Level 1  
  53  4:38  Drone x2  
  53  4:44  Zerg Ground Armor Level 1  
  55  4:48  Overseer  
  55  4:59  Spore Crawler  
  54  5:01  Spore Crawler  
  53  5:15  Roach Warren  
  53  5:17  Drone x3  
  53  5:18  Hydralisk Den  
  53  5:20  Drone  
  55  5:24  Drone x2  
  57  5:29  Overlord x3  
  57  5:30  Overlord x3  
  57  5:33  Spore Crawler  
  56  5:42  Queen  
  58  5:47  Queen  
  60  5:52  Grooved Spines  
  60  5:54  Glial Reconstitution  
  60  5:56  Spore Crawler  
  60  5:57  Roach  
  61  6:09  Overseer  
  61  6:16  Roach x7  
  75  6:21  Zergling x2  
  76  6:37  Hydralisk  
  76  6:38  Hydralisk x6  
  89  6:42  Muscular Augments  
  88  6:48  Hydralisk  
  88  6:49  Hydralisk x2  
  94  6:59  Roach  
  94  7:00  Roach x4  
  104  7:18  Overlord x3  
  98  7:24  Hydralisk  
  102  7:33  Overlord x2  
  104  7:37  Hydralisk  
  104  7:38  Hydralisk  
  104  7:45  Hydralisk x3  
  104  7:46  Hydralisk  
  108  7:53  Overlord  
  83  8:07  Hydralisk  
  83  8:08  Hydralisk x3  
Show
View Real Time Build Order
Export as new Build Order

ZipLock Protoss - Winner!

Build Orders: Blink Stalkers 

Get SALT Encoding   

  12  0:00  Probe  
  13  0:12  Probe  
  14  0:20  Pylon  
  14  0:24  Probe  
  15  0:38  Probe (Chrono Boost)  
  15  0:39  Gateway  
  16  0:49  Assimilator  
  17  0:50  Probe (Chrono Boost)  
  17  0:54  Probe (Chrono Boost)  
  18  1:06  Probe (Chrono Boost)  
  19  1:15  Probe (Chrono Boost)  
  20  1:26  Pylon, Probe  
  21  1:32  Cybernetics Core  
  21  1:33  Assimilator  
  21  1:48  Nexus  
  21  1:52  Probe  
  22  2:05  Probe  
  23  2:16  Warp Gate  
  23  2:17  Stalker  
  26  2:22  Probe  
  26  2:24  Twilight Council  
  26  2:35  Probe  
  27  2:47  Probe  
  27  2:49  Robotics Facility  
  28  2:57  Gateway  
  28  2:59  Probe (Chrono Boost)  
  28  3:00  Adept  
  28  3:02  Probe (Chrono Boost)  
  32  3:12  Pylon  
  34  3:13  Probe (Chrono Boost)  
  34  3:14  Probe (Chrono Boost)  
  34  3:21  Pylon  
  34  3:23  Probe (Chrono Boost)  
  34  3:25  Probe (Chrono Boost)  
  36  3:29  Probe (Chrono Boost)  
  36  3:34  Probe  
  38  3:39  Assimilator  
  38  3:40  Probe  
  38  3:41  Assimilator  
  39  3:43  Blink  
  39  3:45  Observer  
  40  3:50  Probe  
  40  3:54  Probe  
  42  3:59  Pylon  
  42  4:03  Probe (Chrono Boost)  
  42  4:08  Forge  
  42  4:09  Immortal  
  48  4:10  Probe (Chrono Boost)  
  48  4:15  Probe (Chrono Boost)  
  49  4:20  Probe (Chrono Boost)  
  49  4:21  Probe (Chrono Boost)  
  51  4:27  Probe  
  53  4:38  Sentry x2  
  54  4:39  Gateway, Protoss Ground Weapons Level 1 (Chrono Boost)  
  54  4:40  Gateway  
  54  4:41  Pylon  
  56  4:48  Warp Prism  
  58  5:05  Stalker x2  
  62  5:16  Immortal  
  62  5:23  Gateway  
  62  5:24  Gateway  
  62  5:26  Gateway  
  66  5:28  Gateway  
  66  5:30  Sentry x2  
  66  5:35  Sentry x2  
  74  5:37  Pylon  
  74  5:39  Observer  
  74  5:41  Pylon  
  74  5:55  Immortal (Chrono Boost)  
  77  6:07  Stalker x4  
  85  6:20  Stalker x2  
  89  6:27  Pylon  
  89  6:28  Pylon  
  89  6:29  Pylon  
  89  6:31  Sentry x2  
  93  6:52  Stalker  
  93  6:53  Stalker x3  
  101  7:00  Stalker  
  101  7:01  Stalker x5  
  105  7:25  Stalker  
  105  7:26  Stalker x4  
  115  7:42  Stalker  
  117  7:51  Pylon, Probe  
  118  7:52  Pylon  
  118  7:53  Pylon  
  118  7:55  Pylon  
  118  8:02  Zealot x5  
Tags
 
Add a new tag
Caveats
  • Supply blocks, unpowered buildings, or Contaminate may cause inaccurate times.
  • Supply counts are checked every 10 seconds.